 Dungeon Crawl Stone Soup version 0.25.1-2-g60ff931df9 (webtiles) character file.

Game seed: 2873033754361903051

1217 markt42 the Cudgeler (level 8, -10/48 HPs)
             Began as a Gargoyle Fighter on Aug 31, 2020.
             Was an Initiate of Okawaru.
             Splashed by Ijyb's acid (11 damage)
             ... on level 5 of the Dungeon.
             The game lasted 00:06:02 (6294 turns).

markt42 the Cudgeler (Gargoyle Fighter)             Turns: 6294, Time: 00:06:03

Health: -10/48     AC: 16    Str: 20    XL:     8   Next: 46%
Magic:  8/8        EV:  2    Int:  9    God:    Okawaru [......]
Gold:   250        SH: 15    Dex: 11    Spells: 7/7 levels left

rFire    . . .     SeeInvis .   a - +0 flail
rCold    + . .     Gourm    .   w - +0 tower shield
rNeg     + . .     Faith    .   n - +0 plate armour
rPois    ∞         Spirit   .   d - +0 helmet
rElec    +         Reflect  .   (no cloak)
rCorr    .         Harm     .   g - +0 pair of gloves
MR       .....                  (no boots)
Stlth    ..........             (no amulet)
HPRegen  0.16/turn              j - ring of protection from cold
MPRegen  0.11/turn              (no ring)

@: corroded
A: negative energy resistance 1, electricity resistance, unbreathing,
petrification resistance, rot immunity, AC +5
a: Renounce Religion


You were on level 5 of the Dungeon.
You worshipped Okawaru.
Okawaru was noncommittal.
You were not hungry.

You visited 2 branches of the dungeon, and saw 6 of its levels.

You collected 250 gold pieces.

Inventory:

Hand Weapons
 a - a +0 flail (weapon)
Armour
 d - a +0 helmet (worn)
 g - a +0 pair of gloves (worn)
 n - a +0 plate armour (worn)
 w - a +0 tower shield (worn)
Jewellery
 j - a ring of protection from cold (left hand)
Wands
 y - a wand of iceblast (11)
Scrolls
 b - 2 scrolls of immolation {unknown}
 c - a scroll of fear {unknown}
 e - 4 scrolls of remove curse {unknown}
 h - a scroll of enchant weapon {unknown}
 i - 4 scrolls of teleportation
 k - 4 scrolls of identify
 m - 2 scrolls of magic mapping {unknown}
 q - 2 scrolls of fog {unknown}
 r - a scroll of amnesia {unknown}
 v - a scroll of random uselessness {unknown}
 x - a scroll of noise {unknown}
Potions
 l - 2 potions of brilliance {unknown}
 o - 2 potions of mutation {unknown}
 p - 3 potions of flight {unknown}
 s - 2 potions of resistance {unknown}
 u - a potion of haste {unknown}
 z - a potion of degeneration {unknown}
Comestibles
 f - 8 rations
 t - 2 chunks of flesh


   Skills:
 + Level 4.8 Fighting
 * Level 7.0 Maces & Flails
 * Level 5.7 Armour
 + Level 0.8 Dodging
 + Level 5.9 Shields


You had 7 spell levels left.
You didn't know any spells.
Your spell library was empty.

Dungeon Overview and Level Annotations

Branches:
Dungeon (5/15)             Temple (1/1) D:5

Altars:
Ashenzari
Cheibriados
Dithmenos
Elyvilon
Fedhas
Gozag
Hepliaklqana
Makhleb
Nemelex Xobeh
Okawaru
Ru
Sif Muna
Uskayaw
Vehumet
Wu Jian
Xom
Yredelemnul
Zin
The Shining One

Annotations:
D:5 Ijyb


Innate Abilities, Weirdness & Mutations

You are resistant to torment.
Your stone body is resilient. (AC +5)
You are immune to poison.
You resist negative energy. (rN+)
You are resistant to electric shocks. (rElec)
You can survive without breathing.
You are immune to petrification.
You are immune to rotting.


Message History

Ijyb zaps a wand.
The bolt of acid hits you but does no damage.
You are splashed with acid!
You block Ijyb's attack.
You are too injured to fight recklessly!
You are too injured to fight recklessly!
You are too injured to fight recklessly!
You are too injured to fight recklessly!
You are too injured to fight recklessly!
You are too injured to fight recklessly!
You are too injured to fight recklessly!
You are too injured to fight recklessly!
You are too injured to fight recklessly!
You are too injured to fight recklessly!
You are too injured to fight recklessly!
Your plate armour prevents you from hitting Ijyb.
Ijyb is severely wounded.
Ijyb zaps a wand.
The bolt of acid hits you!
* * * LOW HITPOINT WARNING * * *
The acid corrodes you!
You are splashed with acid!
You die...

#.# #.# #.# #.#
..######### #.#.......#
#.#.#####.####
........#.##...####
#.#.##.........g@.#
#.#.##..#.##...##.#
#.#.....#.#### #.#
#.#.......# #.#
#.##.##.### #.#######
#.......# #.......#
#......##########..####.#
#.##.#.#.......##....##.#
#.##.#.#.......###......#


You could see Ijyb.

Vanquished Creatures
  2 centaurs (D:5)
  5 big kobolds (D:3)
  3 crimson imps (D:5)
  2 gnoll shamans
  4 orc wizards
  An iguana (D:4)
  2 worker ants (D:5)
  A hound zombie (D:5)
  10 gnolls
  6 adders
  2 shadow imps (D:5)
  2 oozes
  An adder skeleton (D:5)
  3 worms
  2 dart slugs
  7 leopard geckos
  10 orcs
  3 ball pythons
  9 giant cockroaches
  8 goblins
  9 hobgoblins
  3 jackals (D:4)
  52 kobolds
  4 bats
  8 frilled lizards
  A quokka skeleton (D:5)
  12 rats
172 creatures vanquished.

Vanquished Creatures (others)
  2 orc wizards (D:5)
2 creatures vanquished.

Grand Total: 174 creatures vanquished

Notes
Turn   | Place    | Note
-------+----------+-------------------------------------------
     0 | D:1      | markt42 the Gargoyle Fighter began the quest for the Orb.
     0 | D:1      | Reached XP level 1. HP: 14/14 MP: 1/1
    10 | D:1      | You fall into a shaft and drop 1 floor!
    88 | D:2      | Reached XP level 2. HP: 13/19 MP: 2/2
   311 | D:2      | Reached XP level 3. HP: 23/23 MP: 3/3
  1269 | D:1      | Reached XP level 4. HP: 28/28 MP: 4/4
  1898 | D:2      | Reached skill level 3 in Maces & Flails
  1909 | D:2      | Found a sacrificial altar of Ru.
  2305 | D:3      | Reached XP level 5. HP: 15/32 MP: 5/5
  2931 | D:3      | Reached skill level 4 in Maces & Flails
  2992 | D:3      | Noticed a big kobold
  3018 | D:3      | Killed a big kobold
  3018 | D:3      | Reached XP level 6. HP: 37/38 MP: 6/6
  3140 | D:3      | Reached skill level 5 in Maces & Flails
  3189 | D:3      | Reached XP level 7. HP: 19/42 MP: 7/7
  3582 | D:3      | Reached skill level 5 in Shields
  3628 | D:3      | Reached skill level 5 in Armour
  4746 | D:4      | Reached skill level 6 in Maces & Flails
  4927 | D:4      | Found a shimmering blue altar of Sif Muna.
  5102 | D:5      | Entered Level 5 of the Dungeon
  5354 | D:5      | Found a staircase to the Ecumenical Temple.
  5367 | Temple   | Entered the Ecumenical Temple
  5472 | Temple   | Became a worshipper of Warmaster Okawaru
  5505 | D:5      | Found a blossoming altar of Fedhas.
  5543 | D:5      | Reached XP level 8. HP: 42/48 MP: 8/8
  6262 | D:5      | Reached skill level 7 in Maces & Flails
  6279 | D:5      | Noticed Ijyb
  6294 | D:5      | HP: 1/48 [Ijyb/bolt of acid (15)]
  6294 | D:5      | Splashed by Ijyb's acid

Illustrated notes

Levels and vault maps discovered:
D:1:      mrwooster_arrival_statue_3, layout_loops_corners
D:2:      layout_basic, overflow_temple_1_default,
          hangedman_abyss_or_decor_stabs, chequers_hall_statues_y
D:3:      minmay_goblin_kobold_castle, layout_basic
D:4:      layout_basic, old_standard_altar, hex_intersection
D:5:      layout_loops_cross, minmay_temple_entry_stoned_glass, first_ration,
          fedhas_bush_and_centaur_altar, uniq_ijyb
Temple:   lightli_temple_of_artemis

Skill      XL: |  1  2  3  4  5  6  7  8 |
---------------+-------------------------+-----
Armour         | 4 5 |  5.7
Maces & Flails | 3 4 5 6 7 |  7.0
Shields        | 4 5 |  5.9
Fighting       | 4 |  4.8
Dodging        | |  0.8

Action                   |  1- 3 |  4- 6 |  7- 9 || total
-------------------------+-------+-------+-------++-------
Melee: Flail             |   123 |   289 |   390 ||   802
  Use: Potion            |       |     1 |       ||     1
       Scroll            |       |       |     2 ||     2
  Eat: Chunk             |     1 |     6 |    12 ||    19
Armor: Scale mail        |    46 |       |       ||    46
       Plate armour      |    36 |   247 |   289 ||   572
Dodge: Dodged            |    44 |    53 |    57 ||   154
Block: Kite shield       |    76 |   156 |   140 ||   372
       Tower shield      |       |       |   123 ||   123
